 Dungeon Crawl Stone Soup version 0.24.1 (webtiles) character file.

Game seed: 4779323147345681364, levelgen mode: deterministic

91 nightchill the Stinger (level 4, -1/25 HPs)
             Began as a Gargoyle Venom Mage on Mar 26, 2020.
             Slain by an adder (3 damage)
             ... on level 1 of the Dungeon.
             The game lasted 00:05:52 (2297 turns).

nightchill the Stinger (Gargoyle Venom Mage)        Turns: 2297, Time: 00:05:53

Health: -1/25      AC:  5    Str: 12    XL:     4   Next: 57%
Magic:  0/7        EV: 12    Int: 16    God:
Gold:   106        SH:  0    Dex: 10    Spells: 4/7 levels left

rFire    . . .     SeeInvis .   m - +0 whip
rCold    . . .     Gourm    .   (no shield)
rNeg     + . .     Faith    .   a - +0 robe
rPois    ∞         Spirit   .   (no helmet)
rElec    +         Reflect  .   (no cloak)
rCorr    .         Harm     .   (no gloves)
MR       .....                  (no boots)
Stlth    ++........             (no amulet)
HPRegen  0.08/turn              (no ring)
MPRegen  0.10/turn              (no ring)

@: very slightly contaminated
A: negative energy resistance 1, electricity resistance, unbreathing,
petrification resistance, rot immunity, AC +3
a: no special abilities


You were on level 1 of the Dungeon.
You were hungry.

You visited 1 branch of the dungeon, and saw 2 of its levels.

You collected 106 gold pieces.

Inventory:

Hand Weapons
 b - a +0 club
 m - a +0 whip (weapon)
Missiles
 g - 16 stones (quivered)
Armour
 a - a +0 robe (worn)
Jewellery
 k - a +2 ring of evasion {unknown}
Scrolls
 e - a scroll of teleportation {unknown}
 f - 2 scrolls of fog {unknown}
 h - a scroll of enchant armour {unknown}
 i - 2 scrolls of remove curse {unknown}
 j - a scroll of identify {unknown}
Potions
 l - a potion of curing {unknown}
Comestibles
 c - 6 rations


   Skills:
 + Level 1.4 Fighting
 * Level 1.9 Maces & Flails
 - Level 1.5 Dodging
 - Level 2.1 Stealth
 - Level 2.0 Spellcasting
 * Level 2.6 Conjurations
 * Level 3.7 Poison Magic


You had 4 spell levels left.
You knew the following spells:

 Your Spells              Type           Power        Failure   Level  Hunger
a - Sting                 Conj/Pois      ##..         5%          1    #......
b - Poisonous Vapours     Pois/Air       #.....       14%         2    ###....

Your spell library contained the following spells:

 Spells                   Type           Power        Failure   Level  Hunger
 Mephitic Cloud           Conj/Pois/Air  #.......     26%         3    ###....
 Olgreb's Toxic Radiance  Pois           ##......     41%         4    #####..
 Venom Bolt               Conj/Pois      ##........   83%         5    ######.


Dungeon Overview and Level Annotations

Branches:
Dungeon (2/15)

Altars:

Annotations:
D:1 exclusion: downstairs


Innate Abilities, Weirdness & Mutations

You are resistant to torment.
Your stone body is resilient. (AC +3)
You are immune to poison.
You resist negative energy. (rN+)
You are resistant to electric shocks. (rElec)
You can survive without breathing.
You are immune to petrification.
You are immune to rotting.


Message History

You miscast Poisonous Vapours.
You are very lightly contaminated with residual magic.
You are blasted with air!
The adder bites you but does no damage.
Casting: Poisonous Vapours (safe; 14% risk of failure)
Confirm with . or Enter, or press ? or * to list all spells.
You don't have enough magic to cast that spell.
You barely miss the adder. The adder closely misses you.
You closely miss the adder. The adder bites you.
* * * LOW HITPOINT WARNING * * *
The adder bites you.
* * * LOW HITPOINT WARNING * * *
Casting: Poisonous Vapours (safe; 14% risk of failure)
Confirm with . or Enter, or press ? or * to list all spells.
Aiming: Sting (safe; 5% risk of failure)
Press: ? - help, Shift-Dir - straight line, f/p - adder
Aim: an adder The sting misses the adder.
The sting hits the rat but does no damage.
The adder bites you.
You die...

##.#.#
#######.####.#
#.#.#
#....##.##.(.#
#...#
#.##'##.##.###
##..#
#.#...#.##.# #..#
#.#.<.#.##.# #..#
#.#...#....# #..#
#.##+#######
##.###....#
#.rS@.####
#..#### #..#
##r## #.># ##.#
#.# #######.#
#########.....#.#


You could see an adder and a rat.

Vanquished Creatures
  4 gnolls
  An ooze (D:2)
  3 dart slugs
  A leopard gecko (D:1)
  3 giant cockroaches
  5 goblins
  6 hobgoblins
  4 jackals (D:1)
  5 bats
  4 kobolds
  5 rats
41 creatures vanquished.

Notes
Turn   | Place    | Note
-------+----------+-------------------------------------------
     0 | D:1      | nightchill the Gargoyle Venom Mage began the quest for the
                  | Orb.
     0 | D:1      | Reached XP level 1. HP: 10/10 MP: 3/3
   119 | D:1      | Reached XP level 2. HP: 15/16 MP: 3/5
   141 | D:1      | Learned a level 2 spell: Poisonous Vapours
   444 | D:1      | Reached skill level 1 in Maces & Flails
   882 | D:1      | Reached XP level 3. HP: 10/20 MP: 4/6
  1520 | D:2      | Reached skill level 1 in Fighting
  1822 | D:2      | Reached XP level 4. HP: 13/25 MP: 0/7
  2297 | D:1      | Slain by an adder

Levels and vault maps discovered:
D:1:      dpeg_arrival_tiny_f, layout_basic
D:2:      layout_basic

Skill      XL: |  1  2  3 |
---------------+----------+-----
Maces & Flails | 1 |  1.9
Conjurations   | 2 |  2.6
Fighting       | 1 |  1.4
Dodging        | |  1.5
Stealth        | |  2.1
Spellcasting   | |  2.0
Poison Magic   | |  3.7

Action                   |  1- 3 |  4- 6 || total
-------------------------+-------+-------++-------
Melee: Club              |    67 |       ||    67
       Unarmed           |     2 |       ||     2
       Whip              |       |    20 ||    20
 Cast: Sting             |    13 |     3 ||    16
       Poisonous Vapours |    18 |     9 ||    27
 Stab: Sleeping          |     1 |       ||     1
  Eat: Chunk             |     4 |     2 ||     6
Armor: Robe              |    23 |     8 ||    31
Dodge: Dodged            |    70 |    38 ||   108
